 Dungeon Crawl Stone Soup version 0.31-a0-828-gb7646bb5e3 (webtiles) character file.

Game seed: 4029692893833398526

4232 12345 the Basher (level 10, -2/64 HPs)
             Began as a Gargoyle Gladiator on Sept 24, 2023.
             Was a Follower of Okawaru.
             Slain by an orc warrior
             ... wielding a +0 glaive
              (22 damage)
             ... in a bailey.
             The game lasted 00:18:29 (7086 turns).

12345 the Basher (Gargoyle Gladiator)               Turns: 7086, Time: 00:18:30

Health: -2/64      AC: 20    Str: 21    XL:     10   Next: 30%
Magic:  20/20      EV:  9    Int: 10    God:    Okawaru [*.....]
Gold:   522        SH:  0    Dex: 11    Spells: 9/9 levels left

rFire   . . .        a - +0 flail (drain)
rCold   . . .        (no shield)
rNeg    + . .        x - +0 chain mail
rPois   ∞            c - +0 helmet
rElec   +            C - +0 cloak
rCorr   .            (no gloves)
SInv    .            (no boots)
Will    .....        y - amulet of magic regeneration Stlth
                     g - ring of magical power
HPRegen 0.30/turn    l - ring of flight
MPRegen 0.57/turn

%: no passive effects
@: flying
A: sickness immunity, AC +7, negative energy resistance 1, electricity
resistance, torment resistance 1, petrification resistance
a: Renounce Religion, Heroism


You were in a bailey.
You worshipped Okawaru.
Okawaru was aware of your devotion.
You visited 2 branches of the dungeon, and saw 9 of its levels.
You also visited: Bailey.

You collected 522 gold pieces.

Inventory:

Hand Weapons
 a - a +0 flail of draining (weapon)
 b - a +0 spear of venom
 k - a +2 hand axe of electrocution
 z - a +0 morningstar
Missiles
 e - 9 javelins
 w - 5 boomerangs
 A - 2 atropa-tipped darts
 F - 10 poisoned darts
 J - 5 darts of dispersal
Armour
 c - a +0 helmet (worn)
 x - a +0 chain mail (worn)
 C - a +0 cloak (worn)
 G - a +2 robe of cold resistance
Jewellery
 g - a ring of magical power (left hand)
 l - a ring of flight (right hand)
 y - an amulet of magic regeneration (around neck)
Wands
 B - a wand of roots (25)
 H - a wand of mindburst (22)
 I - a wand of polymorph (8)
Scrolls
 h - a scroll of poison {unknown}
 n - a scroll of torment {unknown}
 p - a scroll of brand weapon {unknown}
 q - a scroll of fog {unknown}
 u - 4 scrolls of teleportation
 v - a scroll of blinking {unknown}
 D - a scroll of enchant weapon {unknown}
 E - a scroll of immolation {unknown}
 K - a scroll of vulnerability {unknown}
Potions
 f - 2 potions of curing
 i - 3 potions of might
 j - 5 potions of mutation
 m - 3 potions of haste
 o - 2 potions of brilliance
 r - 3 potions of cancellation {unknown}
 s - 5 potions of attraction
 t - a potion of magic
 L - 2 potions of invisibility {unknown}


   Skills:
 * Level 8.3 Fighting
 * Level 10.6 Maces & Flails
 - Level 1.7 Throwing
 + Level 7.6 Armour
 - Level 2.4 Dodging
 + Level 1.5 Invocations
 - Level 2.0 Evocations


You had 9 spell levels left.
You didn't know any spells.
Your spell library contained the following spells:

 Spells                   Type           Power      Damage    Failure   Level
 Apportation              Tloc           0%         N/A       91%         1
 Jinxbite                 Hex            0%         N/A       97%         2
 Alistair's Intoxication  Tmut/Pois      0%         N/A       100%        5
 Eringya's Noxious Bog    Tmut/Pois      0%         4d6       100%        6
 Summon Forest            Summ/Tloc      Unusable   N/A       N/A         5
 Summon Hydra             Summ           Unusable   N/A       N/A         7

Dungeon Overview and Level Annotations

Branches:
Dungeon (8/15)             Temple (1/1) D:7          Bailey (1/1)
   Lair: D:8-11

Altars:
Ashenzari
Cheibriados
Dithmenos
Elyvilon
Fedhas
Gozag
Hepliaklqana
Kikubaaqudgha
Nemelex Xobeh
Okawaru
Qazlal
Ru
Sif Muna
Trog
Uskayaw
Vehumet
Wu Jian
Xom
Yredelemnul
Zin
The Shining One

Shops:
D:2 [

Annotations:
D:5 2-h og


Innate Abilities, Weirdness & Mutations

You are immune to sickness and miasma.
Your stone body is resilient. (AC +7)
You are immune to poison.
You resist negative energy. (rN+)
You are resistant to electric shocks. (rElec)
You are resistant to unholy torment.
You are immune to petrification.


Message History

The orc warrior hits you from afar with a +0 glaive!
The orc knight hits you but does no damage.
The orc warrior closely misses you.
Things that are here:
a throwing net; a +0 trident; a +0 scale mail Throw: throwing net
Press: ? - help, Q - select action, (/) - cycle Shift-Dir - straight line, f/p - orc knight
Aim: an orc knight, wielding a +0 glaive and wearing a +0 plate armour (moderately wounded, lightly drained, 57% to hit)
You throw a throwing net. The throwing net hits the orc knight.
The orc knight is caught in the net!
The orc knight is moderately wounded.
The orc knight struggles against the net.
Unknown command.
You hit the orc knight. You drain the orc knight.
The orc knight is moderately wounded.
The orc warrior closely misses you.
You hit the orc knight. You drain the orc knight.
The orc knight is heavily wounded.
The orc knight struggles against the net.
The orc warrior closely misses you.
You hit the orc knight but do no damage.
You drain the orc knight.
The orc knight is heavily wounded.
The orc knight struggles against the net.
The orc warrior closely misses you.
You sock the orc knight! You drain the orc knight.
The orc knight is almost dead.
The orc knight struggles against the net.
The orc warrior hits you with a +0 glaive!
You sock the orc knight!
You kill the orc knight!
Okawaru accepts your kill.
You can now gain great but temporary skills.
The orc warrior hits you with a +0 glaive.
* * * LOW HITPOINT WARNING * * *
The orc warrior barely misses you.
Items here: )) [ ††.
The orc warrior attacks as it pursues you!
The orc warrior hits you from afar with a +0 glaive!!
You die...

#.....#
#.....#
#.....#
##'''##
##....)##
#......)#
#....)o.#
#..#.#.)#
#..#8#@.#
#.......#
##.....##
###'###
#...#
#...#
#...#
#...#
###'###


You could see an orc warrior (strong).

Vanquished Creatures
  Pikel (D:7)
  An orc knight (Bailey)
  Jeremiah (D:6)
  Prince Ribbit (D:6)
  A steam dragon (D:7)
  Menkaure (D:4)
  Edmund (D:6)
  A water moccasin (D:8)
  4 orc warriors (Bailey)
  An ice beast (D:5)
  3 black bears
  2 ogres
  2 centaurs
  3 lemures (D:7)
  2 kobold brigands
  Blork the orc (D:5)
  3 bullfrogs (D:7)
  A gnoll sergeant (D:7)
  2 scorpions (D:6)
  A howler monkey (D:5)
  Crazy Yiuf (D:6)
  A hound (D:6)
  5 jellies
  2 orc priests
  Ijyb (D:5)
  Natasha (thrice) (D:4)
  4 iguanas
  3 orc wizards
  7 gnolls
  4 adders
  A white imp (D:8)
  2 worms
  4 dart slugs
  29 orcs
  6 ball pythons
  7 endoplasms
  2 giant cockroaches
  11 goblins
  9 hobgoblins
  4 jackals (D:5)
  5 quokkas
  5 bats
  2 frilled lizards
  9 kobolds
  4 rats
164 creatures vanquished.

Notes
Turn   | Place    | Note
-------+----------+-------------------------------------------
     0 | D:1      | 12345 the Gargoyle Gladiator began the quest for the Orb.
     0 | D:1      | Reached XP level 1. HP: 12/12 MP: 1/1
    92 | D:1      | Reached XP level 2. HP: 12/18 MP: 2/2
   226 | D:1      | Reached skill level 1 in Armour
   552 | D:1      | Reached XP level 3. HP: 22/22 MP: 3/3
  1626 | D:2      | Found Lymeecs's Armour Emporium.
  1671 | D:2      | Reached skill level 4 in Maces & Flails
  1885 | D:3      | Reached XP level 4. HP: 27/27 MP: 4/4
  2418 | D:4      | Noticed Menkaure
  2500 | D:4      | Reached XP level 5. HP: 32/32 MP: 5/5
  2573 | D:4      | Killed Menkaure
  2574 | D:4      | Reached skill level 5 in Maces & Flails
  2574 | D:4      | Reached XP level 6. HP: 31/38 MP: 6/6
  2747 | D:4      | Noticed Natasha
  2758 | D:4      | Killed Natasha
  3433 | D:4      | Noticed Natasha
  3438 | D:4      | Killed Natasha
  3651 | D:4      | Noticed Natasha
  3655 | D:4      | Killed Natasha
  3677 | D:5      | Entered Level 5 of the Dungeon
  3681 | D:5      | Noticed Blork the orc
  3697 | D:5      | Killed Blork the orc
  3698 | D:5      | Reached XP level 7. HP: 30/44 MP: 7/7
  3834 | D:5      | Reached skill level 6 in Maces & Flails
  3929 | D:5      | Noticed Ijyb
  3940 | D:5      | Killed Ijyb
  3953 | D:5      | Reached skill level 5 in Fighting
  4196 | D:5      | Reached XP level 8. HP: 26/49 MP: 8/8
  4428 | D:5      | Reached skill level 7 in Maces & Flails
  4448 | D:5      | Noticed a two-headed ogre
  4696 | D:5      | Reached skill level 5 in Armour
  5120 | D:6      | Noticed Prince Ribbit
  5134 | D:6      | Killed Prince Ribbit
  5135 | D:6      | Reached skill level 8 in Maces & Flails
  5243 | D:6      | Reached XP level 9. HP: 30/56 MP: 9/9
  5348 | D:6      | Noticed Edmund
  5395 | D:6      | Killed Edmund
  5487 | D:6      | Found a runed translucent door.
  5488 | D:6      | Noticed Crazy Yiuf
  5497 | D:6      | Killed Crazy Yiuf
  5635 | D:6      | Noticed Jeremiah
  5735 | D:6      | Killed Jeremiah
  5736 | D:6      | Reached skill level 9 in Maces & Flails
  6026 | D:7      | Found a sacrificial altar of Ru.
  6045 | D:7      | Noticed Pikel
  6185 | D:7      | Killed Pikel
  6186 | D:7      | Reached skill level 1 in Evocations
  6277 | D:7      | Found a staircase to the Ecumenical Temple.
  6304 | Temple   | Entered the Ecumenical Temple
  6333 | D:7      | Reached skill level 10 in Maces & Flails
  6379 | D:8      | Reached XP level 10. HP: 63/64 MP: 10/10
  6632 | D:8      | Found a flagged portal.
  6690 | D:8      | Found a hide-covered altar of Uskayaw.
  6706 | D:8      | Found an iron altar of Okawaru.
  6709 | D:8      | Became a worshipper of Warmaster Okawaru
  6738 | Bailey   | Entered a bailey
  7060 | Bailey   | Noticed an orc knight
  7066 | Bailey   | Reached skill level 1 in Invocations
  7084 | Bailey   | Killed an orc knight
  7084 | Bailey   | Reached * piety under Okawaru
  7086 | Bailey   | Slain by an orc warrior

Illustrated notes

Levels and vault maps discovered:
D:1:      lemuel_arrival_lava_pool, layout_basic, minmay_misc_feat_rows,
          serial_bayou_pond_a, minmay_tetromino_o4
D:2:      layout_basic, serial_shops, shop
D:3:      layout_loops_ring, minmay_strange_pillars
D:4:      layout_basic, corexii_shack, uniq_natasha, uniq_menkaure
D:5:      layout_loops_ring, minmay_crystal_room, minmay_quadrilaterals,
          uniq_blork_the_orc, uniq_ijyb
D:6:      layout_rooms, eino_tiny_chamber, uniq_crazy_yiuf_cottage,
          uniq_jeremiah, uniq_prince_ribbit1, uniq_edmund
D:7:      layout_cave_pools, old_standard_altar,
          minmay_temple_entry_antechambers, uniq_pikel
D:8:      layout_basic, mainiacjoe_overflow_swirl, enter_bailey_2
Temple:   regret_index_temple_mists
Bailey:   bailey_polearm_5, bailey

Skill      XL: |  1  2  3  4  5  6  7  8  9 10 |
---------------+-------------------------------+-----
Armour         | 1 2 3 4 5 7 |  7.6
Maces & Flails | 4 5 6 8 10 | 10.6
Fighting       | 3 4 5 6 7 8 |  8.3
Evocations     | 2 |  2.0
Invocations    | 1 |  1.5
Throwing       | |  1.7
Dodging        | |  2.4

Action                     |  1- 3 |  4- 6 |  7- 9 | 10-12 || total
---------------------------+-------+-------+-------+-------++-------
  Melee: Flail             |   106 |    96 |   120 |    94 ||   416
         Spear             |       |    12 |    80 |       ||    92
         Punch             |       |     1 |     2 |       ||     3
         Morningstar       |       |       |    89 |       ||    89
  Throw: Javelin           |       |    22 |     8 |       ||    30
         Throwing net      |       |       |       |     3 ||     3
    Use: Scroll            |       |       |    10 |       ||    10
   Stab: Sleeping          |     1 |       |       |       ||     1
 Armour: Leather armour    |    19 |       |       |       ||    19
         Ring mail         |    37 |    56 |       |       ||    93
         Chain mail        |       |     7 |   281 |    87 ||   375
  Dodge: Dodged            |    65 |    77 |   131 |    56 ||   329

Table legend: (Time is in decaauts)
 A = Elapsed time spent in this place.
 B = Non-inter-level travel time spent in this place.
 C = Inter-level travel time spent in this place.
 D = Time resting spent in this place.
 E = Time spent auto-exploring this place.
 F = Levels seen in this place.
 G = Mean time per level.
                   A        B        C        D        E       F      G
               +--------+--------+--------+--------+--------+-----+--------+
         Total |   7128 |   6690 |    438 |    878 |   3638 |  10 |  712.8 |
       Dungeon |   6787 |   6349 |    438 |    772 |   3638 |   8 |  848.4 |
        Temple |      1 |      1 |      0 |      0 |      0 |   1 |    1.0 |
        Bailey |    338 |    338 |      0 |    106 |      0 |   1 |  338.0 |
               +--------+--------+--------+--------+--------+-----+--------+

Top non-repeatable levels by time:
     D:4: 1410 daAuts
     D:5: 1173 daAuts
     D:1: 1133 daAuts
     D:6: 744 daAuts
     D:3: 686 daAuts
     D:2: 676 daAuts
     D:7: 589 daAuts
     D:8: 375 daAuts
  Bailey: 338 daAuts
  Temple: 1 daAuts
